 Dungeon Crawl Stone Soup version 0.17.2 (webtiles) character file.

119 Goblin1989 the Sneak (level 5, -1/26 HPs)
             Began as a Vine Stalker Assassin on May 27, 2016.
             Slain by a kobold (3 damage)
             ... on level 3 of the Dungeon.
             The game lasted 00:05:16 (477 turns).

Goblin1989 the Sneak (Vine Stalker Assassin)         Turns: 477, Time: 00:05:16

Health: -1/26      AC:  3    Str: 14    XL:     5   Next: 3%
Magic:  0/6        EV: 11    Int: 11    God:
Gold:   21         SH:  0    Dex: 16    Spells: 0 memorised, 4 levels left

rFire  . . .     SeeInvis .     a - +2 dagger
rCold  . . .     Clarity  .     c - +0 robe
rNeg   . . .     SustAt   .     (no shield)
rPois  .         Gourm    .     (no helmet)
rElec  .         Spirit   +     d - +0 cloak
rCorr  .         Warding  .     (no gloves)
rMut   .         Stasis   .     (no boots)
MR     .....                    (no amulet)
Stlth  ++++......               (no ring)
                                (no ring)

@: lethally poisoned (-1 -> -2), not resistant to hostile enchantments, stealthy
A: fangs 2, regeneration 1, magic shield, antimagic bite, no device heal 3, rot
immunity
a: no special abilities


You were on level 3 of the Dungeon.
You were not hungry.

You visited 1 branch of the dungeon, and saw 3 of its levels.

You collected 21 gold pieces.

Inventory:

Hand Weapons
 a - a +2 dagger (weapon)
 b - a +0 blowgun
Missiles
 e - 8 poisoned needles
 f - 2 curare-tipped needles
Armour
 c - a +0 robe (worn)
 d - a +0 cloak (worn)
 n - a +0 shield
Scrolls
 h - a scroll of fog {unknown}
 k - a scroll of recharging {unknown}
 o - a scroll of immolation {unknown}
 p - 2 scrolls of remove curse {unknown}
 r - a scroll of identify {unknown}
Potions
 j - a potion of agility {unknown}
 m - 2 potions of resistance {unknown}
 s - a potion of lignification {unknown}
 t - a potion of invisibility {unknown}
Books
 l - an Akashic Record

   Spells                             Type                      Level
   a - Dispersal                      Translocation                6
   b - Malign Gateway                 Summoning/Translocation      7
   c - Disjunction                    Translocation                8
   d - Controlled Blink               Translocation                8
Comestibles
 g - 3 bread rations
 i - 2 meat rations
 q - a royal jelly


   Skills:
 - Level 1.7 Fighting
 * Level 2.6 Short Blades
 - Level 1.7 Throwing
 - Level 0.7 Dodging
 + Level 7.2 Stealth


You had 4 spell levels left.
You didn't know any spells.

Dungeon Overview and Level Annotations

Branches:
Dungeon (3/15)

Altars:


Innate Abilities, Weirdness & Mutations

You have extremely sharp teeth.
Your natural rate of healing is unusually fast.
When hurt, damage is shared between your health and your magic reserves.
Your bite disrupts and absorbs the magic of your enemies.
Potions and wands cannot restore your health.
You are immune to rotting.


Message History

You feel invigorated.
You feel sick. The hound barely misses you. The kobold closely misses you.
The hound bites you but does no damage.
You hit the hound. Your bite misses the hound. The hound barely misses you.
The kobold hits you. The hobgoblin hits you with a club.
You hit the hound. The hound bites you. The kobold barely misses you.
The hound bites you. The hobgoblin barely misses you.
A giant gecko comes into view.
You hit the hound. Your bite misses the hound.
You feel sick. The hound bites you but does no damage.
The kobold hits you but does no damage.
You closely miss the hound. The hound bites you.
* * * LOW HITPOINT WARNING * * *
The hobgoblin barely misses you. The kobold barely misses you.
You hit the hound.
You kill the hound!
Your Stealth skill increases to level 7!
You have reached level 5!
The hobgoblin barely misses you. The kobold hits you.
* * * LOW HITPOINT WARNING * * *
The kobold hits you.
You die...

...... .... ####.#.
#...... ..#######......
##.....###...........##.
...........##...........
....w..................
............†..........
#.# ##...................
.....##†.......###.......
......g.@.>.......<......
.......K......##.........
..............####.......
.....l........####.......
.........(....#....###...
................#### ###.
..............#### #.
....).............# #. .
.......## #.


You could see a worm, a giant gecko, a hobgoblin and a kobold.

Vanquished Creatures
  A hound (D:3)
  Natasha (twice) (D:3)
  2 adders (D:3)
  A giant gecko (D:1)
  4 orcs (D:3)
  3 ball pythons (D:3)
  3 bats
  3 giant cockroaches
  2 hobgoblins (D:3)
  3 jackals (D:2)
  2 giant newts
  A goblin (D:3)
  3 kobolds
  2 rats (D:1)
32 creatures vanquished.

Notes
Turn   | Place    | Note
--------------------------------------------------------------
     0 | D:1      | Goblin1989 the Vine Stalker Assassin began the quest for the Orb.
     0 | D:1      | Reached XP level 1. HP: 11/11 MP: 2/2
   125 | D:2      | Reached skill level 5 in Stealth
   147 | D:2      | Reached XP level 2. HP: 13/15 MP: 3/3
   270 | D:3      | Noticed Natasha
   282 | D:3      | Killed Natasha
   282 | D:3      | Reached skill level 6 in Stealth
   282 | D:3      | Reached XP level 3. HP: 13/18 MP: 4/4
   357 | D:3      | Reached XP level 4. HP: 10/23 MP: 3/5
   451 | D:3      | Noticed Natasha
   455 | D:3      | Killed Natasha
   465 | D:3      | Noticed a hound
   476 | D:3      | Killed a hound
   476 | D:3      | Reached skill level 7 in Stealth
   476 | D:3      | Reached XP level 5. HP: 3/26 MP: 1/6
   477 | D:3      | Slain by a kobold

Action                   |  1- 3 |  4- 6 || total
-------------------------+-------+-------++-------
Melee: Dagger            |    62 |    38 ||   100
 Fire: Blowgun           |     3 |       ||     3
 Stab: Sleeping          |     3 |     2 ||     5
